 Dungeon Crawl Stone Soup version 0.32-a0-705-g60f233581c (webtiles) character file.

Game seed: 4453230685435304352

8666 souperman1983 the Unseen (level 11, -1/50 HPs)
             Began as a Spriggan Enchanter on Mar 15, 2024.
             Was a High Priest of Okawaru.
             Killed by divine providence
             ... invoked by an orc priest
              (12 damage)
             ... on level 10 of the Dungeon.
             The game lasted 00:55:55 (10517 turns).

souperman1983 the Unseen (Spriggan Enchanter)      Turns: 10517, Time: 00:56:25

Health: -1/50      AC:  4    Str:  8    XL:     11   Next: 12%
Magic:  14/33      EV: 20    Int: 17    God:    Okawaru [*****.]
Gold:   706        SH:  8    Dex: 16    Spells: 21/26 levels left

rFire   . . .        a - +3 dagger (flame)
rCold   . . .        p - +3 buckler
rNeg    . . .        b - +2 robe
rPois   .            (helmet restricted)
rElec   .            t - scarf {repulsion}
rCorr   +            (gloves unavailable)
SInv    +            (boots unavailable)
Will    +....        (no amulet)
Stlth   ++++++       z - ring of resist corrosion
HPRegen 0.28/turn    s - ring of magical power
MPRegen 0.23/turn

%: repel missiles
@: very quick
A: very small, no large weapons, unfitting armour, see invisible, speed 3
a: Renounce Religion, Heroism, Finesse, Duel


You were on level 10 of the Dungeon.
You worshipped Okawaru.
Okawaru was extremely pleased with you.
You visited 2 branches of the dungeon, and saw 11 of its levels.

You collected 706 gold pieces.

Inventory:

Hand Weapons
 a - a +3 dagger of flaming (weapon)
 e - a +1 sling of freezing
Missiles
 g - 80 stones (quivered)
 n - 2 throwing nets
Armour
 b - a +2 robe (worn)
 p - a +3 buckler (worn)
 t - a scarf of repulsion (worn)
Jewellery
 s - a ring of magical power (right hand)
 z - a ring of resist corrosion (left hand)
Wands
 v - a wand of mindburst (9)
 B - a wand of warping (5)
 D - a wand of flame (14)
 F - a wand of polymorph (5)
 G - a wand of quicksilver (23)
Scrolls
 i - 3 scrolls of vulnerability
 l - a scroll of enchant armour
 o - a scroll of fear {unknown}
 y - a scroll of noise
 A - 5 scrolls of identify
 C - a scroll of fog
Potions
 c - a potion of invisibility
 d - a potion of magic {unknown}
 f - 3 potions of brilliance {unknown}
 h - 2 potions of haste
 j - a potion of curing
 k - 2 potions of lignification
 m - 2 potions of degeneration {unknown}
 q - a potion of heal wounds {unknown}
 r - a potion of resistance {unknown}
 u - 4 potions of cancellation {unknown}
 w - a potion of berserk rage {unknown}
 x - a potion of might {unknown}
 E - a potion of mutation {unknown}
 H - a potion of attraction {unknown}
 I - a potion of enlightenment {unknown}


   Skills:
 + Level 2.1 Fighting
 + Level 6.5 Short Blades
 + Level 1.0 Ranged Weapons
 + Level 8.1 Dodging
 + Level 15.8 Stealth
 + Level 3.9 Shields
 + Level 8.3 Spellcasting
 - Level 5.7 Hexes
 - Level 1.3 Ice Magic
 * Level 5.3 Invocations


You had 21 spell levels left.
You knew the following spells:

 Your Spells              Type           Power      Damage    Failure   Level
a - Ensorcelled Hibernat  Hex/Ice        38%        N/A       5%          2
b - Confusing Touch       Hex            26%        N/A       4%          3

Your spell library contained the following spells:

 Spells                   Type           Power      Damage    Failure   Level
 Dazzling Flash           Conj/Hex       32%        N/A       14%         3
 Inner Flame              Hex/Fire       16%        N/A       14%         3
 Passwall                 Erth           7%         N/A       41%         3
 Swiftness                Air            7%         N/A       41%         3
 Yara's Violent Unravell  Hex/Alch       8%         3d5       78%         5
 Flame Wave               Conj/Fire      7%         2d5       83%         4
 Olgreb's Toxic Radiance  Alch           7%         N/A       83%         4
 Passage of Golubria      Tloc           7%         N/A       83%         4
 Sticky Flame             Fire/Alch      7%         2d4       83%         4
 Ozocubu's Refrigeration  Ice            5%         4d8       100%        7
 Discord                  Hex            13%        N/A       100%        8
 Tukima's Dance           Hex            Unusable   N/A       N/A         3

Dungeon Overview and Level Annotations

Branches:
Dungeon (10/15)            Temple (1/1) D:6             Orc (0/2) D:9
   Lair: D:8-11

Altars:
Ashenzari
Cheibriados
Dithmenos
Elyvilon
Fedhas
Gozag
Hepliaklqana
Kikubaaqudgha
Makhleb
Nemelex Xobeh
Okawaru
Qazlal
Ru
Sif Muna
Trog
Uskayaw
Vehumet
Wu Jian
Xom
Yredelemnul
Zin
The Shining One
Beogh

Shops:
D:9 :((*(


Innate Abilities, Weirdness & Mutations

You are very small and have problems with some larger weapons.
You are too small for most types of armour.
You have supernaturally acute eyesight. (SInv)
You cover ground extremely quickly. (Speed+++)


Message History

Aiming: Ensorcelled Hibernation (safe; 5% risk of failure)
Press: ? - help, Shift-Dir - straight line, f - orc priest
Aim: an orc priest, wielding a +0 trident (chance to affect: 51%)
The orc priest resists with significant effort.
The orc priest closely misses you.
Casting: Ensorcelled Hibernation (safe; 5% risk of failure)
Confirm with . or Enter, or press ? or * to list all spells.
Aiming: Ensorcelled Hibernation (safe; 5% risk of failure)
Press: ? - help, Shift-Dir - straight line, f/p - orc priest
Aim: an orc priest, wielding a +0 trident (chance to affect: 51%)
The orc priest resists with significant effort.
The orc priest mumbles some strange prayers to Beogh against you.
Beogh smites you!
* * * LOW HITPOINT WARNING * * *
Unknown command.
You feel better. You block the orc priest's attack.
Casting: Ensorcelled Hibernation (safe; 5% risk of failure)
Confirm with . or Enter, or press ? or * to list all spells.
Aiming: Ensorcelled Hibernation (safe; 5% risk of failure)
Press: ? - help, Shift-Dir - straight line, f/p - orc priest
Aim: an orc priest, wielding a +0 trident (chance to affect: 51%)
The orc priest resists with significant effort.
The orc priest misses you.
Casting: Ensorcelled Hibernation (safe; 5% risk of failure)
Confirm with . or Enter, or press ? or * to list all spells.
Aiming: Ensorcelled Hibernation (safe; 5% risk of failure)
Press: ? - help, Shift-Dir - straight line, f/p - orc priest
Aim: an orc priest, wielding a +0 trident (chance to affect: 51%)
The orc priest resists with significant effort.
The orc priest hits you with a +0 trident.
* * * LOW HITPOINT WARNING * * *
Casting: Ensorcelled Hibernation (safe; 5% risk of failure)
Confirm with . or Enter, or press ? or * to list all spells.
Aiming: Ensorcelled Hibernation (safe; 5% risk of failure)
Press: ? - help, Shift-Dir - straight line, f/p - orc priest
Aim: an orc priest, wielding a +0 trident (chance to affect: 51%)
The orc priest resists with significant effort.
The orc priest calls down the wrath of Beogh upon you.
Beogh smites you!
You die...

...............#.........#
...............#.........#
...............#.........#
...............#.........#
..... #.........# .....
#....###### #####
########....#
#......#....#
#......#@...#
#.....)o....#
#......#....#
#......#....#
#.######....# . #....#
#....# #....# #....#


You could see an orc priest.

Vanquished Creatures
  A boulder beetle (D:9)
  A two-headed ogre (D:9)
  Jeremiah (D:6)
  Grinder (D:3)
  Prince Ribbit (D:6)
  Sigmund (D:3)
  A shadow (D:9)
  A yak (D:9)
  A wyvern (D:9)
  A wraith (D:9)
  A steam dragon (D:7)
  Edmund (D:6)
  An acid dragon (D:8)
  A water moccasin (D:4)
  Pargi (D:2)
  4 ice beasts
  8 orc warriors
  A black bear (D:7)
  3 ogres
  5 centaurs
  A phantom (D:6)
  Blork the orc (D:4)
  4 bullfrogs
  A gnoll sergeant (D:6)
  2 scorpions
  13 wights
  23 killer bees
  6 howler monkeys
  2 bombardier beetles
  2 hounds
  4 jellies
  A gnoll bouda (D:4)
  11 orc priests
  2 sleepcaps
  Ijyb (D:3)
  Jessica (D:3)
  Terence (D:2)
  5 orc wizards
  14 gnolls
  7 adders
  3 white imps
  4 ufetubi
  An adder skeleton (D:2)
  2 ribbon worms
  A dart slug (D:6)
  44 orcs
  2 ball pythons
  A bat skeleton (D:2)
  9 endoplasms
  3 giant cockroaches
  7 goblins
  4 hobgoblins
  3 jackals
  5 kobolds
  8 quokkas
  A ball python skeleton (D:2)
  A ball python zombie (D:2)
  3 bats (D:1)
  3 frilled lizards
  8 rats
251 creatures vanquished.

Notes
Turn   | Place    | Note
-------+----------+-------------------------------------------
     0 | D:1      | souperman1983 the Spriggan Enchanter began the quest for
                  | the Orb.
     0 | D:1      | Reached XP level 1. HP: 9/9 MP: 5/5
   402 | D:1      | Reached skill level 5 in Stealth
   402 | D:1      | Reached XP level 2. HP: 9/13 MP: 6/6
   405 | D:1      | Learned a level 2 spell: Ensorcelled Hibernation
  1210 | D:2      | Noticed Terence
  1282 | D:2      | Reached XP level 3. HP: 8/16 MP: 8/8
  1285 | D:2      | Killed Terence
  1286 | D:2      | Reached skill level 1 in Ranged Weapons
  1436 | D:2      | Learned a level 3 spell: Confusing Touch
  1653 | D:2      | Reached XP level 4. HP: 21/21 MP: 9/9
  2137 | D:3      | Noticed Pargi
  2291 | D:2      | Killed Pargi
  2292 | D:2      | Reached skill level 6 in Stealth
  2292 | D:2      | Reached XP level 5. HP: 7/25 MP: 5/11
  2587 | D:3      | Noticed Grinder
  2600 | D:3      | Killed Grinder
  2601 | D:3      | Reached skill level 1 in Fighting
  2601 | D:3      | Reached skill level 7 in Stealth
  2601 | D:3      | Reached skill level 1 in Ice Magic
  2601 | D:3      | Reached XP level 6. HP: 28/30 MP: 9/13
  2649 | D:3      | Found a stormy altar of Qazlal.
  2799 | D:3      | Noticed Ijyb
  2815 | D:3      | Killed Ijyb
  3020 | D:3      | Noticed Sigmund
  3028 | D:3      | Killed Sigmund
  3029 | D:3      | Reached skill level 5 in Hexes
  3029 | D:3      | Reached XP level 7. HP: 33/33 MP: 11/15
  3031 | D:3      | Noticed Jessica
  3035 | D:3      | Killed Jessica
  3511 | D:4      | Noticed Blork the orc
  3515 | D:4      | Reached skill level 8 in Stealth
  3532 | D:4      | Killed Blork the orc
  3535 | D:4      | Reached skill level 5 in Spellcasting
  3733 | D:4      | Reached skill level 5 in Dodging
  4501 | D:4      | Reached XP level 8. HP: 37/37 MP: 17/17
  4608 | D:5      | Entered Level 5 of the Dungeon
  4836 | D:5      | Reached skill level 1 in Shields
  4897 | D:5      | Reached skill level 9 in Stealth
  5672 | D:6      | Noticed Prince Ribbit
  5672 | D:6      | Found a snail-covered altar of Cheibriados.
  5674 | D:6      | Killed Prince Ribbit
  5675 | D:6      | Reached skill level 5 in Short Blades
  5926 | D:6      | Noticed Edmund
  5928 | D:6      | Found a staircase to the Ecumenical Temple.
  5930 | D:6      | Killed Edmund
  5931 | D:6      | Reached XP level 9. HP: 41/41 MP: 18/18
  5949 | Temple   | Entered the Ecumenical Temple
  5957 | Temple   | Became a worshipper of Warmaster Okawaru
  5988 | D:6      | Found a glowing golden altar of the Shining One.
  5993 | D:6      | Reached skill level 10 in Stealth
  6366 | D:6      | Noticed Jeremiah
  6367 | D:6      | Found a broken altar of Ashenzari.
  6373 | D:6      | Killed Jeremiah
  6373 | D:6      | Reached * piety under Okawaru
  6374 | D:6      | Reached skill level 11 in Stealth
  6374 | D:6      | Reached skill level 1 in Invocations
  6502 | D:7      | Found a radiant altar of Vehumet.
  6557 | D:7      | Found a blossoming altar of Fedhas.
  6616 | D:7      | Found an opulent altar of Gozag.
  6686 | D:7      | Reached skill level 12 in Stealth
  7014 | D:7      | Found an ornate altar of the Wu Jian Council.
  7253 | D:7      | Reached ** piety under Okawaru
  7257 | D:7      | Reached skill level 13 in Stealth
  7413 | D:7      | Reached XP level 10. HP: 21/45 MP: 20/20
  7600 | D:8      | Found the +7 Kryia's mail coat {PotionHeal*2 rC+}
  8312 | D:9      | Found Poqadgh's Weapon Shoppe.
  8437 | D:9      | Reached *** piety under Okawaru
  8438 | D:9      | Reached skill level 14 in Stealth
  8566 | D:9      | Found Toscheog's Book Emporium.
  8602 | D:9      | Found Voinyu's Weapon Shop.
  8640 | D:9      | Found Jeigukot's Assorted Antiques.
  8832 | D:9      | Found Xucyex's Weapon Boutique.
  9151 | D:9      | Noticed a boulder beetle
  9158 | D:9      | Killed a boulder beetle
  9193 | D:9      | Reached skill level 15 in Stealth
  9207 | D:9      | Reached **** piety under Okawaru
  9221 | D:9      | Identified the +6 quarterstaff of Crusades {drain, Str+2
                  | Int+2 Dex+4 Stlth-}
  9371 | D:9      | Reached skill level 5 in Invocations
  9678 | D:9      | Found a staircase to the Orcish Mines.
  9846 | D:9      | Found a roughly hewn altar of Beogh.
  9918 | D:9      | Reached XP level 11. HP: 13/50 MP: 1/24
 10228 | D:9      | Noticed a two-headed ogre
 10231 | D:9      | Killed a two-headed ogre
 10231 | D:9      | Reached ***** piety under Okawaru
 10371 | D:10     | Entered Level 10 of the Dungeon
 10517 | D:10     | Killed from afar by an orc priest

Illustrated notes

Levels and vault maps discovered:
D:1:      dpeg_cavernosity, layout_loops_ring, grunt_decor_clamped,
          minmay_misc_feat_room, chequers_serial_rivers_micro_b, grunt_decor_cap
D:2:      layout_loops_cross, serial_undead, serial_undead_b, serial_undead_d,
          serial_undead_e, serial_undead_f, serial_undead_b, serial_undead_c,
          dk_vineyard_1, uniq_terence
D:3:      layout_rooms, mainiacjoe_overflow_concentric_impassable, uniq_ijyb,
          uniq_jessica, uniq_sigmund, uniq_grinder, uniq_pargi
D:4:      layout_basic, serial_corexii_hall, corexii_hall_statues_deadend,
          chequers_hall_statues_corner_a, uniq_blork_the_orc
D:5:      layout_loops_corners, hangedman_abyss_or_decor_lesser_grid
D:6:      layout_rooms, kennysheep_slug_shrine, amcnicky_altar_gilded,
          mainiacjoe_overflow_tiny_flanked, minmay_temple_entry_offerings,
          uniq_edmund, uniq_jeremiah, uniq_prince_ribbit1
D:7:      layout_basic, nzn_wu_jian_council_hall, mainiacjoe_overflow_paths,
          mainiacjoe_overflow_large_starburst
D:8:      layout_rooms
D:9:      kennysheep_spiral_hall, layout_basic, david_orc_4, special_room
          [special_room_orc], serial_shops, nicolae_shop_waterfront,
          nicolae_shop_just_a_little_nook, kennysheep_mini_moat,
          nicolae_shop_advertising_works [nicolae_subvault_shop_adworks],
          nicolae_square_shop
D:10:     layout_grid_maze, david_lair_shrubbed, chequers_serial_rivers_room_b
Temple:   eino_narrow_crystal_temple

Skill      XL: |  1  2  3  4  5  6  7  8  9 10 |
---------------+-------------------------------+-----
Stealth        | 5 6 7 8 9 13 15 | 15.8
Dodging        | 3 4 5 6 7 8 |  8.1
Ranged Weapons | 1 |  1.0
Spellcasting   | 3 4 5 6 8 |  8.3
Hexes          | 4 5 |  5.7
Fighting       | 1 2 |  2.1
Short Blades   | 2 3 5 6 |  6.5
Ice Magic      | 1 |  1.3
Shields        | 3 |  3.9
Invocations    | 2 5 |  5.3

Action                     |  1- 3 |  4- 6 |  7- 9 | 10-12 || total
---------------------------+-------+-------+-------+-------++-------
  Melee: Dagger            |    55 |    78 |   195 |   155 ||   483
   Fire: Sling             |    10 |       |    65 |       ||    75
   Cast: Ensorcelled Hiber |    15 |    28 |    63 |   113 ||   219
         Confusing Touch   |       |     3 |    12 |     7 ||    22
    Use: Potion            |       |     1 |       |     3 ||     4
         Scroll            |       |       |    18 |       ||    18
   Stab: Sleeping          |    15 |    17 |    68 |    82 ||   182
         Invisible         |       |     2 |       |       ||     2
         Confused          |       |     3 |     9 |     6 ||    18
         Distracted        |       |       |     3 |     3 ||     6
 Armour: Robe              |    20 |    45 |    68 |    43 ||   176
  Dodge: Dodged            |    52 |   107 |   143 |    97 ||   399
         Repelled          |       |       |     6 |     1 ||     7
  Block: Buckler           |       |       |    31 |    53 ||    84

Table legend: (Time is in decaauts)
 A = Elapsed time spent in this place.
 B = Non-inter-level travel time spent in this place.
 C = Inter-level travel time spent in this place.
 D = Time resting spent in this place.
 E = Time spent auto-exploring this place.
 F = Levels seen in this place.
 G = Mean time per level.
                   A        B        C        D        E       F      G
               +--------+--------+--------+--------+--------+-----+--------+
         Total |   7905 |   7756 |    149 |      4 |   5819 |  11 |  718.6 |
       Dungeon |   7894 |   7745 |    149 |      4 |   5819 |  10 |  789.4 |
        Temple |     11 |     11 |      0 |      0 |      0 |   1 |   11.0 |
               +--------+--------+--------+--------+--------+-----+--------+

Top non-repeatable levels by time:
     D:9: 1636 daAuts
     D:2: 1141 daAuts
     D:4: 913 daAuts
     D:5: 795 daAuts
     D:1: 784 daAuts
     D:7: 723 daAuts
     D:3: 643 daAuts
     D:6: 630 daAuts
     D:8: 543 daAuts
    D:10: 81 daAuts
  Temple: 11 daAuts
